 Dungeon Crawl Stone Soup version 0.28-a0-563-gf77a47075d (webtiles) character file.

Game seed: 4246440910686969407

168 KristoblXynda the Ducker (level 5, 0/28 HPs)
             Began as a Spriggan Berserker on Sept 30, 2021.
             Was a Believer of Trog.
             Slain by a hobgoblin (4 damage)
             ... led by Robin
             ... on level 3 of the Dungeon.
             The game lasted 00:02:32 (2341 turns).

KristoblXynda the Ducker (Spriggan Berserker)       Turns: 2341, Time: 00:02:33

Health: 0/28       AC:  3    Str: 14    XL:     5   Next: 23%
Magic:  6/6        EV: 19    Int:  9    God:    Trog [**....]
Gold:   113        SH:  0    Dex: 14    Spells: 4/4 levels left

rFire   . . .      SeeInvis +   a - +0 short sword
rCold   . . .      Faith    .   (shield restricted)
rNeg    . . .      Spirit   .   b - +0 animal skin
rPois   .          Reflect  .   (helmet restricted)
rElec   .          Harm     .   j - +0 cloak
rCorr   .          Rampage  .   (gloves unavailable)
Will    .....                   (boots unavailable)
Stlth   ++........              (no amulet)
HPRegen 0.09/turn               (no ring)
MPRegen 0.10/turn               (no ring)

@: very quick
A: very small, no large weapons, unfitting armour, see invisible, speed 3
a: Renounce Religion, Berserk, Trog's Hand


You were on level 3 of the Dungeon.
You worshipped Trog.
Trog was pleased with you.
You visited 1 branch of the dungeon, and saw 3 of its levels.

You collected 113 gold pieces.

Inventory:

Hand Weapons
 a - a +0 short sword (weapon)
Missiles
 h - 2 throwing nets (quivered)
Armour
 b - a +0 animal skin (worn)
 j - a +0 cloak (worn)
Jewellery
 f - a ring of wizardry
Wands
 k - a wand of polymorph (7)
Scrolls
 c - a scroll of blinking {unknown}
 d - a scroll of fog {unknown}
Potions
 e - 2 potions of degeneration {unknown}
 g - a potion of lignification {unknown}
 i - a potion of curing {unknown}
 l - a potion of magic {unknown}


   Skills:
 + Level 3.2 Fighting
 + Level 4.3 Short Blades
 + Level 5.2 Dodging
 + Level 3.8 Stealth


You had 4 spell levels left.
You didn't know any spells.
Your spell library contained the following spells:

 Spells                   Type           Power      Damage    Failure   Level
 Summon Small Mammal      Summ           0%         N/A       38%         1
 Call Canine Familiar     Summ           0%         N/A       77%         3
 Ozocubu's Armour         Ice            0%         N/A       77%         3
 Summon Guardian Golem    Hex/Summ       0%         N/A       77%         3
 Tukima's Dance           Hex            0%         N/A       77%         3
 Passage of Golubria      Tloc           N/A        N/A       99%         4
 Yara's Violent Unravell  Hex/Tmut       0%         3d3       100%        5
 Ozocubu's Refrigeration  Ice            0%         4d5       100%        7


Dungeon Overview and Level Annotations

Branches:
Dungeon (3/15)

Altars:
Okawaru

Shops:
D:1 !

Annotations:
D:3 Robin


Innate Abilities, Weirdness & Mutations

You are very small and have problems with some larger weapons.
You are too small for most types of armour.
You have supernaturally acute eyesight. (SInv)
You cover ground extremely quickly. (Speed+++)


Message History

a +0 club; a goblin corpse A hobgoblin is nearby!
The hobgoblin shouts!
You hear a shout! x5
A hobgoblin comes into view.
The hobgoblin shouts! 2 goblins and Robin come into view.
Robin is wielding a +1 trident of freezing.
The goblin shouts!
You hear a shout!
The goblin shouts!
You hear a shout!
A hobgoblin comes into view. 2 goblins and 2 hobgoblins come into view.
The hobgoblin shouts!
The hobgoblin hits you.
You closely miss the hobgoblin.
A goblin comes into view. It is wielding a +0 dagger.
You hit the hobgoblin.
The hobgoblin is moderately wounded.
The hobgoblin closely misses you.
You barely miss the hobgoblin.
The hobgoblin is moderately wounded.
A goblin comes into view.
It is wielding a +0 dagger of protection.
The hobgoblin barely misses you. The goblin closely misses you.
The goblin shouts!
You hit the hobgoblin.
You kill the hobgoblin!
Trog accepts your kill. The hobgoblin closely misses you.
The goblin hits you with a +0 club.
You hit the goblin.
The goblin is heavily wounded.
Robin roars a battlecry!
The goblins go into a battle-frenzy!
The goblin barely misses you. The hobgoblin hits you. The goblin misses you.
The goblin hits you with a +0 dagger.
You closely miss the goblin.
The goblin is heavily wounded.
The bat barely misses you.
Robin hits you from afar with a +1 trident of freezing.
Robin freezes you. The goblin hits you with a +0 dagger.
* * * LOW HITPOINT WARNING * * *
The hobgoblin hits you.
You die...

........###.## #.#
.......##...# #.#
.....#.....#####.###
........)..##...)..#
........##.........#
..........#........#
....)#..#..........#
..........##.....gg###..
##......[..#...b@gggg...
.....#.##.).#...ggg.##..
.................gg.g...
........>..>...##.......
..###...####............
..# ###....##.#.#.......
..# ####..............
..# #######........ ..#
#....


You could see Robin, 4 hobgoblins, 7 goblins and a bat.

Vanquished Creatures
  A hound (D:2)
  Crazy Yiuf (D:2)
  Terence (D:2)
  4 adders
  4 endoplasms
  6 giant cockroaches
  6 goblins
  3 hobgoblins
  4 jackals (D:2)
  5 kobolds
  A ball python (D:2)
  6 bats
  3 frilled lizards
  6 rats
51 creatures vanquished.

Vanquished Creatures (others)
  A fungus (D:2)
1 creature vanquished.

Grand Total: 52 creatures vanquished

Notes
Turn   | Place    | Note
-------+----------+-------------------------------------------
     0 | D:1      | KristoblXynda the Spriggan Berserker began the quest for
                  | the Orb.
     0 | D:1      | Reached XP level 1. HP: 11/11 MP: 2/2
   140 | D:1      | Reached skill level 1 in Stealth
   384 | D:1      | Found a faded altar of an unknown god.
   394 | D:1      | Reached XP level 2. HP: 16/16 MP: 3/3
   546 | D:1      | Found Tiffom's Distillery.
   681 | D:1      | Reached ** piety under Trog
   949 | D:2      | Found an iron altar of Okawaru.
  1113 | D:2      | Reached XP level 3. HP: 19/19 MP: 4/4
  1129 | D:2      | Noticed Terence
  1149 | D:2      | Killed Terence
  1312 | D:2      | Reached XP level 4. HP: 20/23 MP: 5/5
  1778 | D:2      | Found a runed translucent door.
  1779 | D:2      | Noticed Crazy Yiuf
  1855 | D:2      | Reached skill level 5 in Dodging
  2050 | D:2      | Killed Crazy Yiuf
  2051 | D:2      | Reached XP level 5. HP: 28/28 MP: 6/6
  2334 | D:3      | Noticed Robin
  2341 | D:3      | Slain by a hobgoblin

Illustrated notes

Levels and vault maps discovered:
D:1:      minmay_arrival_arboretum_small, layout_basic,
          shapermc_ecumenical_altar_mp_ritualfount, serial_shops, shop
D:2:      layout_rooms, basic_altar, interstate_on_off, minmay_pentomino_o2,
          uniq_terence, uniq_crazy_yiuf_cottage
D:3:      layout_rooms, serial_shops, shop, minmay_goblin_kobold_house,
          uniq_robin

Skill      XL: |  1  2  3  4 |
---------------+-------------+-----
Stealth        | 1 2 3 |  3.8
Short Blades   | 4 |  4.3
Fighting       | 3 |  3.2
Dodging        | 5 |  5.2

Action                   |  1- 3 |  4- 6 || total
-------------------------+-------+-------++-------
Melee: Short sword       |   122 |    85 ||   207
Invok: Berserk           |     3 |     1 ||     4
 Stab: Sleeping          |     2 |     4 ||     6
       Distracted        |     2 |     1 ||     3
Armor: Animal skin       |    15 |     6 ||    21
Dodge: Dodged            |    93 |    86 ||   179

Table legend: (Time is in decaauts)
 A = Elapsed time spent in this place.
 B = Non-inter-level travel time spent in this place.
 C = Inter-level travel time spent in this place.
 D = Time resting spent in this place.
 E = Time spent auto-exploring this place.
 F = Levels seen in this place.
 G = Mean time per level.
                   A        B        C        D        E       F      G
               +--------+--------+--------+--------+--------+-----+--------+
         Total |   1818 |   1788 |     30 |    434 |    996 |   3 |  606.0 |
       Dungeon |   1818 |   1788 |     30 |    434 |    996 |   3 |  606.0 |
               +--------+--------+--------+--------+--------+-----+--------+

Top non-repeatable levels by time:
     D:2: 973 daAuts
     D:1: 686 daAuts
     D:3: 159 daAuts
